AoeStats
← tommyvolla

Arabia

505241707Analyzed
1v1 RM · 25d ago on Sep 8, 2026· 47m 14s· 2 players
Game mode
Random Map
Map size
Tiny (2 player)
Population
200
Speed
Normal
Resources
Standard
Victory
Conquest
Starting age
Dark Age
Ending age
Imperial Age
RankedLock teamsTeams togetherTeam positionsShared explorationLock speedFull tech treeHidden civsTurbo modeCheats
Victory
Defeat
🇹🇷 Burmese · Türkiye
600
+17
🇩🇪 Mongols · Germany
631
-17
algebra- TR
3:40 Loom
13:01 Feudal Age
16:40 Wheelbarrow
15:58 Horse Collar
16:41 Gold Mining
19:38 Castle Age
20:51 Hand Cart
20:21 Town Watch
21:27 Heavy Plow
23:04 Elite Skirmisher
32:09 Padded Archer Armor
32:00 Fletching
36:49 Imperial Age
36:05 Bodkin Arrow
36:38 Ballistics
36:53 Murder Holes
37:56 Conscription
38:58 Chemistry
38:05 Bracer
44:03 Elite Arambai
tommyvolla
6:34 Loom
9:51 Feudal Age
10:48 Double-Bit Axe
20:04 Castle Age
18:41 Fletching
20:39 Crossbowman
23:06 Thumb Ring
23:02 Bodkin Arrow
24:48 Padded Archer Armor
29:41 Bow Saw
29:25 Horse Collar
31:51 Elite Skirmisher
37:47 Imperial Age
36:00 Ballistics
39:00 Heavy Cavalry Archer
Connection lost

Rejoining the realm…

Still unreachable

The connection could not be restored.

Session expired

The server has moved on; the page needs a fresh start.